 Dungeon Crawl Stone Soup version 0.31.0-11-ge490571c62 (webtiles) character file.

Game seed: 13487669332969166695

132 Daunt the Poker (level 5, 0/36 HPs)
             Began as a Human Delver on Jan 27, 2024.
             Was a Follower of Hepliaklqana.
             Incinerated by a bombardier beetle (4 damage)
             ... with a burning spray
             ... on level 3 of the Dungeon.
             The game lasted 00:10:19 (1409 turns).

Daunt the Poker (Human Delver)                      Turns: 1409, Time: 00:10:19

Health: 0/36       AC:  8    Str: 14    XL:     5   Next: 15%
Magic:  5/5        EV: 12    Int: 10    God:    Hepliaklqana [*.....]
Gold:   103        SH:  0    Dex: 15    Spells: 4/4 levels left

rFire   . . .        a - +0 spear
rCold   . . .        (no shield)
rNeg    . . .        b - +0 leather armour
rPois   .            (no helmet)
rElec   .            n - +0 cloak
rCorr   .            (no gloves)
SInv    .            (no boots)
Will    .....        (no amulet)
Stlth   +            k - +4 ring of protection
HPRegen 0.26/turn    (no ring)
MPRegen 0.09/turn

%: no passive effects
@: on fire, glowing
A: reduced essence, explore regen
a: Renounce Religion, Recall Ancestor, Ancestor Identity


You were on level 3 of the Dungeon.
You worshipped Hepliaklqana.
Hepliaklqana was aware of your devotion.
You visited 1 branch of the dungeon, and saw 5 of its levels.

You collected 103 gold pieces.

Inventory:

Hand Weapons
 a - a +0 spear (weapon)
 i - a +0 mace of holy wrath
 r - a +2 whip of venom
 t - a +0 war axe
Missiles
 h - 7 stones (quivered)
Armour
 b - a +0 leather armour (worn)
 n - a +0 cloak (worn)
Jewellery
 k - a +4 ring of protection (left hand)
Wands
 g - a wand of digging (3)
Scrolls
 c - a scroll of fog
 d - 2 scrolls of immolation {unknown}
 e - 2 scrolls of fear
 l - a scroll of noise {unknown}
 m - 3 scrolls of revelation
 o - a scroll of silence {unknown}
 s - a scroll of identify {unknown}
 u - 2 scrolls of blinking {unknown}
 v - a scroll of enchant weapon {unknown}
Potions
 f - a potion of haste
 p - a potion of ambrosia {unknown}
 q - a potion of enlightenment {unknown}
 w - a potion of mutation {unknown}


   Skills:
 - Level 3.0 Fighting
 + Level 5.2 Polearms
 - Level 2.0 Dodging
 - Level 5.0 Stealth


You had 4 spell levels left.
You didn't know any spells.
Your spell library contained the following spells:

 Spells                   Type           Power      Damage    Failure   Level
 Summon Small Mammal      Summ           0%         N/A       43%         1
 Jinxbite                 Hex            0%         N/A       58%         2
 Lesser Beckoning         Tloc           0%         N/A       58%         2
 Call Canine Familiar     Summ           0%         N/A       82%         3
 Dazzling Flash           Conj/Hex       0%         N/A       82%         3
 Gell's Gravitas          Tloc           0%         N/A       82%         3
 Mephitic Cloud           Conj/Alch/Air  0%         N/A       82%         3
 Teleport Other           Tloc           0%         N/A       82%         3
 Summon Blazeheart Golem  Fire/Summ      0%         N/A       99%         4
 Curse of Agony           Necr           0%         N/A       100%        5
 Silence                  Hex/Air        0%         N/A       100%        5
 Yara's Violent Unravell  Hex/Alch       0%         3d3       100%        5
 Enfeeble                 Hex            0%         N/A       100%        7


Dungeon Overview and Level Annotations

Branches:
Dungeon (5/15)
 Temple: D:4-7

Altars:
Hepliaklqana
Trog
Vehumet

Annotations:
D:4 2 transporters, Xavori's ghost, amateur DjCK


Innate Abilities, Weirdness & Mutations

Your life essence is reduced to manifest your ancestor. (-10% HP)
You regain HP and MP as you explore.


Message History

You hit the bombardier beetle.
The bombardier beetle is almost dead.
The liquid fire burns you!
* * * LOW HITPOINT WARNING * * *
Ilshubani hits the bombardier beetle but does no damage.
The bombardier beetle sprays incendiary fluid at you.
The burning spray hits you.
You are even more covered in liquid fire!
Unknown command.
Unknown command.
You hit the bombardier beetle but do no damage.
The bombardier beetle is almost dead.
The liquid fire burns you!
* * * LOW HITPOINT WARNING * * *
Ilshubani closely misses the bombardier beetle.
Unknown command.
Unknown command.
You hit the bombardier beetle.
You kill the bombardier beetle!
The liquid fire burns you!
* * * LOW HITPOINT WARNING * * *
Your Polearms skill increases to level 5!
You have reached level 5!
Unknown command.
You shake off some of the fire as you move.
The liquid fire burns you!
* * * LOW HITPOINT WARNING * * *
It was a potion of heal wounds.
You feel much better. The liquid fire burns you!
You shake off some of the fire as you move.
The liquid fire burns you!
You shake off some of the fire as you move.
The liquid fire burns you!
* * * LOW HITPOINT WARNING * * *
You shake off some of the fire as you move.
The liquid fire burns you!
* * * LOW HITPOINT WARNING * * *
You shake off some of the fire as you move.
The liquid fire burns you!
You die...

. #.#
#.#.######
##........#
............#
..J..$.......#
.........>...#
............R#
.............#
.<..........@#
............#
##<.......#
##########


You could see the friendly Ilshubani the ancestor.

Vanquished Creatures
  A bombardier beetle (D:3)
  An iguana (D:4)
  2 adders (D:4)
  A shadow imp (D:4)
  A ribbon worm (D:3)
  2 orcs (D:4)
  4 ball pythons
  2 endoplasms
  A giant cockroach (D:4)
  2 hobgoblins
  4 kobolds
  2 quokkas (D:4)
  2 bats (D:1)
  2 frilled lizards
  2 goblins (D:3)
  2 rats
31 creatures vanquished.

Vanquished Creatures (collateral kills)
  A dart slug (D:1)
  4 goblins (D:3)
  A hobgoblin (D:1)
  A frilled lizard (D:1)
7 creatures vanquished.

Vanquished Creatures (others)
  An ancestor (D:3)
1 creature vanquished.

Grand Total: 39 creatures vanquished

Notes
Turn   | Place    | Note
-------+----------+-------------------------------------------
     0 | D:5      | Daunt the Human Delver began the quest for the Orb.
     0 | D:5      | Reached XP level 1. HP: 18/18 MP: 1/1
   142 | D:4      | Reached XP level 2. HP: 12/24 MP: 2/2
   275 | D:4      | Found a hazy altar of Hepliaklqana.
   280 | D:4      | Became a worshipper of Hepliaklqana the Forgotten
   371 | D:4      | Found a bloodstained altar of Trog.
   448 | D:4      | Reached XP level 3. HP: 19/29 MP: 3/3
   652 | D:4      | Reached XP level 4. HP: 8/35 MP: 4/4
   962 | D:4      | Found a transporter.
   964 | D:4      | Noticed Xavori's ghost (amateur DjCK)
   965 | D:4      | Found a transporter.
  1005 | D:3      | Reached * piety under Hepliaklqana
  1157 | D:1      | Found a faded altar of an unknown god.
  1335 | D:3      | Found a radiant altar of Vehumet.
  1404 | D:3      | Reached skill level 5 in Polearms
  1404 | D:3      | Reached XP level 5. HP: 4/36 MP: 5/5
  1404 | D:3      | HP: 1/36 [burnt (3)]
  1409 | D:3      | Incinerated by a bombardier beetle

Illustrated notes

Levels and vault maps discovered:
D:1:      minmay_arrival_diagonal_passages, layout_loops_cross,
          chequers_ecumenical_altar_island
D:2:      layout_basic
D:3:      layout_rooms, mainiacjoe_overflow_small_starburst,
          minmay_close_crescents, uniq_robin
D:4:      layout_gridville, kennysheep_little_box, trog_butcher_becter,
          gammafunk_ghost_mausoleum, amcnicky_mini_corridor_feature,
          grunt_ministairs_6
D:5:      layout_loops_ring, minitemple, minmay_temple_entry_butterflies,
          serial_shops, shop_fountains, chequers_serial_rivers_marsh

Skill      XL: |  1  2  3  4 |
---------------+-------------+-----
Polearms       | 3 4 5 |  5.2
Fighting       | |  3.0
Dodging        | |  2.0
Stealth        | |  5.0

Action                     |  1- 3 |  4- 6 || total
---------------------------+-------+-------++-------
  Melee: Spear             |    89 |    71 ||   160
         Punch             |     2 |     1 ||     3
  Throw: Stone             |     4 |       ||     4
    Use: Potion            |       |     1 ||     1
   Stab: Sleeping          |       |     8 ||     8
         Distracted        |       |     1 ||     1
 Armour: Leather armour    |    39 |    14 ||    53
  Dodge: Dodged            |    39 |     9 ||    48
